 Dungeon Crawl Stone Soup version 0.30-a0-603-g51a0fb1b98 (webtiles) character file.

Game seed: 6820403360852532710

46339 Crownlay the Thaumaturge (level 14, -6/88 HPs)
             Began as a Gargoyle Earth Elementalist on Jan 7, 2023.
             Was a High Priest of Vehumet.
             Mangled by an ice devil (10 damage)
             ... summoned by an orc sorcerer
             ... on level 2 of the Orcish Mines.
             The game lasted 01:00:07 (19492 turns).

Crownlay the Thaumaturge (GrEE)                    Turns: 19492, Time: 01:00:08

Health: -6/88      AC: 27    Str: 12    XL:     14   Next: 37%
Magic:  26/31      EV: 10    Int: 29    God:    Vehumet [*****.]
Gold:   1543       SH:  0    Dex: 13    Spells: 13/39 levels left

rFire   . . .      SeeInvis .    E - +8 spear (freeze)
rCold   + . .      Faith    .    (no shield)
rNeg    + . .      Spirit   .    B - +5 swamp dragon scales
rPois   ∞          Reflect  .    M - +1 helmet "Yvviymel" {Drain Int+8 Slay-2}
rElec   +          Harm     .    R - +1 cloak of Defiance {Dex+3}
rCorr   .          Rampage  .    u - +0 pair of gloves
Will    +....                    (no boots)
Stlth   +                        j - amulet of magic regeneration
HPRegen 0.34/turn                v - ring of wizardry
MPRegen 0.62/turn                t - ring of protection from cold

@: flying
A: sickness immunity, AC +10, big wings, negative energy resistance 1,
electricity resistance, torment resistance 1, petrification resistance
a: Renounce Religion


You were on level 2 of the Orcish Mines.
You worshipped Vehumet.
Vehumet was extremely pleased with you.
You visited 3 branches of the dungeon, and saw 19 of its levels.

You collected 1543 gold pieces.

Inventory:

Hand Weapons
 E - a +8 spear of freezing (weapon)
Missiles
 w - 3 throwing nets
Armour
 h - a +1 hat of see invisible
 u - a +0 pair of gloves (worn)
 B - +5 swamp dragon scales (worn)
 M - the +1 helmet "Yvviymel" (worn) {Drain Int+8 Slay-2}
   (You found it on level 12 of the Dungeon)

   Int:       It affects your intelligence (+8).
   Slay:      It affects your accuracy & damage with ranged weapons and melee
   (-2).
   Drain:     It drains your maximum health when unequipped.
 R - the +1 cloak of Defiance (worn) {Dex+3}
   (You found it on level 12 of the Dungeon)

   Dex:       It affects your dexterity (+3).
Jewellery
 g - a ring of fire
 j - an amulet of magic regeneration (around neck)
 o - an amulet of reflection
 r - a ring of fire
 t - a ring of protection from cold (right hand)
 v - a ring of wizardry (left hand)
 D - a ring of fire
Wands
 k - a wand of polymorph (3)
 z - a wand of flame (16)
 A - a wand of iceblast (6)
 F - a wand of paralysis (7)
 G - a wand of digging (1)
Scrolls
 a - 2 scrolls of brand weapon
 e - 3 scrolls of magic mapping
 f - 10 scrolls of teleportation
 i - a scroll of blinking {unknown}
 n - a scroll of immolation {unknown}
 q - 2 scrolls of fear
 x - 6 scrolls of fog
 y - 2 scrolls of enchant armour
 C - 3 scrolls of amnesia
 J - 2 scrolls of summoning
 K - 2 scrolls of torment {unknown}
 L - a scroll of acquirement {unknown}
Potions
 b - 2 potions of magic
 c - 2 potions of resistance {unknown}
 d - 3 potions of invisibility {unknown}
 l - 2 potions of lignification {unknown}
 m - 13 potions of curing
 p - 4 potions of heal wounds
 s - a potion of brilliance {unknown}
 H - a potion of attraction {unknown}
 N - 4 potions of mutation {unknown}
 O - 3 potions of haste
 P - 3 potions of might {unknown}
Miscellaneous
 I - a phantom mirror


   Skills:
 - Level 10.0 Fighting
 - Level 1.5 Dodging
 - Level 2.1 Stealth
 + Level 13.4 Spellcasting
 - Level 10.0 Conjurations
 - Level 10.0 Summonings
 - Level 5.3 Transmutations
 - Level 12.0 Earth Magic


You had 13 spell levels left.
You knew the following spells:

 Your Spells              Type           Power      Damage    Failure   Level
a - Sandblast             Erth           100%       2d20      1%          1
b - Stone Arrow           Conj/Erth      100%       3d13      1%          3
c - Petrify               Tmut/Erth      62%        N/A       1%          4
d - Spellforged Servitor  Conj/Summ      33%        N/A       10%         7
e - Iron Shot             Conj/Erth      35%        9d7       1%          6
f - Lee's Rapid Deconstr  Erth           36%        3d18*     1%          5

Your spell library contained the following spells:

 Spells                   Type           Power      Damage    Failure   Level
 Conjure Ball Lightning   Conj/Air       24%        3x3d7     13%         6
 Beastly Appendage        Tmut           100%       N/A       1%          1
 Foxfire                  Conj/Fire      100%       2x1d9     1%          1
 Kiss of Death            Conj/Necr      100%       2d13      1%          1
 Summon Small Mammal      Summ           100%       N/A       1%          1
 Passwall                 Tmut/Erth      51%        N/A       1%          2
 Wereblood                Tmut           50%        N/A       1%          2
 Call Canine Familiar     Summ           67%        N/A       1%          3
 Dazzling Flash           Conj/Hex       96%        N/A       1%          3
 Summon Guardian Golem    Hex/Summ       48%        N/A       1%          3
 Iskenderun's Mystic Bla  Conj/Tloc      48%        2d11      1%          4
 Iskenderun's Battlesphe  Conj           67%        2d12      1%          5
 Apportation              Tloc           38%        N/A       2%          1
 Necrotise                Necr           76%        1d7       2%          1
 Spider Form              Tmut/Pois      34%        N/A       2%          3
 Fireball                 Conj/Fire      24%        3d11      2%          5
 Ensorcelled Hibernation  Hex/Ice        38%        N/A       3%          2
 Swiftness                Air            19%        N/A       8%          3
 Vampiric Draining        Necr           19%        2d7       8%          3
 Starburst                Conj/Fire      24%        6d8       13%         6
 Alistair's Intoxication  Tmut/Pois      22%        N/A       22%         5
 Agony                    Necr           19%        N/A       52%         5
 Silence                  Hex/Air        9%         N/A       52%         5
 Borgnjor's Revivificati  Necr           9%         N/A       100%        8


Dungeon Overview and Level Annotations

Branches:
Dungeon (12/15)            Temple (0/1) D:6            Lair (5/5) D:11
 Shoals (0/4) Lair:3       Spider (0/4) Lair:3        Slime (0/5) Lair:5
    Orc (2/2) D:9             Elf (0/3) Orc:2

Altars:
Ashenzari
Gozag
Makhleb
Qazlal
Ru
Vehumet
Zin
The Shining One
Jiyva

Shops:
D:12 *


Innate Abilities, Weirdness & Mutations

You are immune to sickness and miasma.
Your stone body is resilient. (AC +10)
You are immune to poison.
Your large and strong wings let you fly.
You resist negative energy. (rN+)
You are resistant to electric shocks. (rElec)
You are resistant to unholy torment.
You are immune to petrification.


Message History

Vehumet accepts your kill.
You feel your power returning.
The orc sorcerer shouts!
The blast of sand hits the orc sorcerer!
The orc sorcerer is moderately wounded.
The blast of sand hits the orc sorcerer!
The orc sorcerer is severely wounded.
The orc sorcerer casts a spell.
The orc sorcerer mumbles some strange words.
The blast of sand hits the ice devil but does no damage.
An orc wizard comes into view. It is wielding a +0 dagger.
The orc wizard hits you with a +0 dagger.
The ice devil hits you but does no damage.
The blast of sand hits the ice devil but does no damage.
The orc wizard shouts!
The orc sorcerer casts a spell.
The ice devil hits you but does no damage.
The orc sorcerer points at you and mumbles some strange words.
The bolt of fire hits the sun demon.
The sun demon completely resists.
The bolt of fire hits you!!
The orc wizard points at you and mumbles some strange words.
The magic dart hits you but does no damage.
The ice devil hits you but does no damage.
The blast of sand hits the ice devil.
The ice devil is lightly wounded.
The sun demon hits you but does no damage.
The orc wizard hits you but does no damage.
The ice devil closely misses you.
The blast of sand hits the ice devil!
The ice devil is heavily wounded.
The sun demon hits you!
You are engulfed in flames!
The orc wizard hits you but does no damage.
The ice devil barely misses you. The sun demon barely misses you.
The orc wizard hits you but does no damage.
The sun demon hits you!
* * * LOW HITPOINT WARNING * * *
You are engulfed in flames!
* * * LOW HITPOINT WARNING * * *
The ice devil hits you!
You die...

. .≈##############
.≈≈≈≈≈≈≈≈≈≈≈§≈§≈
.............§..
.....o43........ #..o3@.8..)..
#§..#o...)#.§ #§. #≈...≈# #≈
#≈)..≈# ### # ##≈)))≈## ###
####≈# #§§..§§§# #≈###
#≈≈≈≈### ###§≈..§≈§### ###≈≈§≈
##≈≈≈≈≈###≈§≈≈...§§≈≈###§≈§≈≈#
##≈≈≈≈≈≈≈≈##§).)≈##≈≈≈§§§≈≈##


You could see 2 sun demons, an ice devil (summoned), an orc sorcerer and 2 orc
wizards.

Vanquished Creatures
  Gastronok (D:9)
  Fannar (Lair:2)
  A centaur warrior (D:12)
  A merfolk avatar (Lair:5)
  Erica (Lair:1)
  2 two-headed ogres
  3 boulder beetles
  Sonja (Lair:2)
  2 sea snakes (Lair:5)
  A harpy (Lair:5)
  A lindwurm (Lair:4)
  Pikel (D:7)
  A deep elf pyromancer (D:12)
  3 orc sorcerers (Orc:2)
  An oklob plant (Lair:5)
  2 manticores (Lair:5)
  2 cyclopes
  8 cane toads
  Psyche (D:12)
  A gargoyle (D:12)
  A torpor snail (Lair:3)
  4 black mambas
  A kobold demonologist (D:9)
  Maggie (D:6)
  5 komodo dragons
  3 rime drakes
  2 polar bears (Lair:4)
  A hornet (Lair:5)
  6 trolls
  A tarantella (Lair:4)
  3 blink frogs (Lair:4)
  Prince Ribbit (D:7)
  6 dream sheep (Lair:3)
  A wyvern (Lair:3)
  5 wraiths
  A water elemental (D:11)
  A shadow (D:10)
  22 yaks
  2 redbacks (Lair:4)
  Grum (D:9)
  2 basilisks (Lair:4)
  6 vampire mosquitoes (D:12)
  Menkaure (D:5)
  4 steam dragons
  2 acid dragons
  8 water moccasins
  Duvessa (D:6)
  3 sky beasts
  13 orc warriors
  An ice beast (D:7)
  2 black bears
  2 ogres
  15 wolves
  8 centaurs
  3 phantoms
  A lemure (D:7)
  15 bullfrogs
  Blork the orc (D:5)
  3 necrophages
  3 scorpions
  10 wights
  Dowan (D:6)
  15 killer bees
  4 howler monkeys
  7 electric eels
  3 lava snakes (Lair:4)
  8 hounds
  14 orc priests
  11 jellies (Lair:5)
  2 iguanas
  30 orc wizards
  A hound skeleton (D:8)
  7 adders
  2 shadow imps
  A white imp (D:8)
  2 ufetubi
  4 worms
  2 dart slugs
  61 orcs
  5 ball pythons
  7 bats
  6 endoplasms
  5 giant cockroaches
  7 goblins
  4 hobgoblins
  2 quokkas
  3 kobolds
  8 rats
429 creatures vanquished.

Vanquished Creatures (collateral kills)
  A boulder beetle (Lair:4)
  3 skeletal warriors (D:12)
  A sea snake (Lair:5)
  An orc sorcerer (Orc:2)
  A manticore (Lair:5)
  An elephant (Lair:5)
  2 cane toads (Lair:5)
  A rime drake (Lair:5)
  A komodo dragon (Lair:5)
  A jumping spider (Lair:4)
  A steam dragon (Lair:5)
  A redback (Lair:4)
  A water moccasin (Lair:4)
  2 orc warriors (Orc:1)
  5 wolves (Lair:5)
  3 orc priests (Orc:2)
  A jelly (Lair:5)
  2 orc wizards (Orc:2)
  2 orcs (Orc:1)
31 creatures vanquished.

Vanquished Creatures (others)
  9 fungi
  45 plants
54 creatures vanquished.

Grand Total: 514 creatures vanquished

Notes
Turn   | Place    | Note
-------+----------+-------------------------------------------
     0 | D:1      | Crownlay the Gargoyle Earth Elementalist began the quest
                  | for the Orb.
     0 | D:1      | Reached XP level 1. HP: 10/10 MP: 3/3
   146 | D:1      | Reached XP level 2. HP: 15/15 MP: 3/5
  1005 | D:2      | Reached skill level 5 in Earth Magic
  1005 | D:2      | Reached XP level 3. HP: 19/19 MP: 4/6
  1422 | D:2      | Reached skill level 1 in Transmutations
  1876 | D:3      | Reached XP level 4. HP: 24/24 MP: 3/7
  2000 | D:3      | Found a sacrificial altar of Ru.
  2595 | D:3      | Learned a level 3 spell: Stone Arrow
  2831 | D:4      | Noticed a bullfrog
  2836 | D:4      | Killed a bullfrog
  2837 | D:4      | Reached XP level 5. HP: 25/28 MP: 3/9
  2959 | D:4      | Reached skill level 3 in Spellcasting
  2959 | D:4      | Reached XP level 6. HP: 28/32 MP: 5/10
  3451 | D:4      | Found a radiant altar of Vehumet.
  3454 | D:4      | Became a worshipper of Vehumet
  3492 | D:5      | Entered Level 5 of the Dungeon
  3737 | D:5      | Reached XP level 7. HP: 36/36 MP: 9/12
  3764 | D:5      | Noticed Menkaure
  3766 | D:5      | Killed Menkaure
  3767 | D:5      | Reached skill level 4 in Spellcasting
  3930 | D:5      | Noticed Blork the orc
  3938 | D:5      | Killed Blork the orc
  4191 | D:5      | Learned a level 4 spell: Petrify
  4202 | D:5      | Found a stormy altar of Qazlal.
  4204 | D:5      | Noticed a water elemental
  4205 | D:5      | Noticed a fire elemental
  4205 | D:5      | Noticed an air elemental
  4433 | D:5      | Reached XP level 8. HP: 33/41 MP: 12/15
  4497 | D:6      | Noticed Maggie
  4505 | D:6      | Killed Maggie
  4506 | D:6      | Reached skill level 5 in Spellcasting
  4573 | D:6      | Found a staircase to the Ecumenical Temple.
  4974 | D:6      | Noticed Duvessa
  4976 | D:6      | Noticed Dowan
  4978 | D:6      | Killed Duvessa
  4979 | D:6      | Reached skill level 5 in Transmutations
  4980 | D:6      | Killed Dowan
  4981 | D:6      | Reached XP level 9. HP: 45/45 MP: 11/17
  5014 | D:6      | Reached skill level 6 in Spellcasting
  5704 | D:7      | Found a glowing golden altar of the Shining One.
  5738 | D:7      | Reached skill level 1 in Conjurations
  5749 | D:7      | Reached * piety under Vehumet
  5749 | D:7      | Offered knowledge of Magic Dart by Vehumet.
  5750 | D:7      | Reached skill level 1 in Fighting
  5950 | D:7      | Noticed Prince Ribbit
  5956 | D:7      | Killed Prince Ribbit
  6154 | D:7      | Noticed Pikel
  6161 | D:7      | Killed Pikel
  6162 | D:7      | Reached skill level 10 in Earth Magic
  6236 | D:7      | Reached skill level 7 in Spellcasting
  6509 | D:8      | Reached XP level 10. HP: 43/56 MP: 6/20
  6570 | D:8      | Noticed a two-headed ogre
  6575 | D:8      | Killed a two-headed ogre
  6723 | D:8      | Reached skill level 5 in Fighting
  6723 | D:8      | Reached skill level 5 in Conjurations
  6739 | D:8      | Reached ** piety under Vehumet
  6739 | D:8      | Offered knowledge of Searing Ray by Vehumet.
  6875 | D:8      | Found an opulent altar of Gozag.
  7048 | D:8      | Found a burning altar of Makhleb.
  7079 | D:8      | Found a glowing silver altar of Zin.
  7447 | D:9      | Noticed Gastronok
  7452 | D:9      | Noticed Grum
  7467 | D:9      | Killed Gastronok
  7468 | D:9      | Reached skill level 8 in Spellcasting
  7629 | D:9      | Killed Grum
  7633 | D:9      | Reached XP level 11. HP: 56/65 MP: 14/23
  7701 | D:9      | Offered knowledge of Frozen Ramparts by Vehumet.
  7742 | D:9      | Reached *** piety under Vehumet
  7799 | D:9      | Found a staircase to the Orcish Mines.
  8422 | D:10     | Entered Level 10 of the Dungeon
  8692 | D:10     | Offered knowledge of Flame Wave by Vehumet.
  8783 | D:10     | Found a broken altar of Ashenzari.
  9088 | D:10     | Reached skill level 1 in Summonings
  9287 | D:11     | Reached **** piety under Vehumet
  9288 | D:11     | Reached skill level 9 in Spellcasting
  9389 | D:11     | Noticed a boulder beetle
  9398 | D:11     | Killed a boulder beetle
  9577 | D:11     | Offered knowledge of Ignite Poison by Vehumet.
  9621 | D:11     | Found a staircase to the Lair.
  9713 | D:11     | Noticed a cyclops
  9716 | D:11     | Killed a cyclops
 10568 | D:12     | Reached XP level 12. HP: 71/75 MP: 18/25
 10698 | D:12     | Found Jiyl's Assorted Antiques.
 10707 | D:12     | Noticed a boulder beetle
 10709 | D:12     | Noticed Psyche
 10718 | D:12     | Killed Psyche
 11001 | D:12     | Learned a level 7 spell: Spellforged Servitor
 11008 | D:12     | Learned a level 6 spell: Iron Shot
 11425 | D:12     | Killed a boulder beetle
 11751 | D:12     | Reached skill level 10 in Spellcasting
 12067 | D:12     | Noticed a centaur warrior
 12073 | D:12     | Killed a centaur warrior
 12074 | D:12     | Reached skill level 5 in Summonings
 12171 | D:12     | Got the Reference Book on the Curse and Zombies
 12178 | D:12     | Identified the +1 helmet "Yvviymel" {Drain Int+8 Slay-2}
 12182 | D:12     | Identified the +1 cloak of Defiance {Dex+3}
 12429 | Lair:1   | Entered Level 1 of the Lair of Beasts
 12553 | Lair:1   | Identified the +4 whip "Arbiter" {flame, *Rage Fragile
                  | rF+++ SInv}
 12929 | Lair:1   | Noticed Erica
 12939 | Lair:1   | Killed Erica
 13596 | Lair:2   | Reached skill level 10 in Fighting
 13705 | Lair:2   | Noticed Sonja
 13712 | Lair:2   | Killed Sonja
 13889 | Lair:2   | Reached XP level 13. HP: 82/82 MP: 22/27
 14041 | Lair:2   | Noticed Fannar
 14044 | Lair:2   | Killed Fannar
 14220 | Lair:2   | Reached ***** piety under Vehumet
 14223 | Lair:2   | Offered knowledge of Lee's Rapid Deconstruction by Vehumet.
 14224 | Lair:2   | Reached skill level 10 in Conjurations
 14242 | Lair:2   | Learned a level 5 spell: Lee's Rapid Deconstruction
 14601 | Lair:2   | Reached skill level 11 in Spellcasting
 15042 | Lair:3   | Found a hole to the Spider Nest.
 15669 | Lair:3   | Found a staircase to the Shoals.
 16553 | Lair:4   | Found a runed translucent door.
 16664 | Lair:4   | Identified the +0 whip "Aseufrio" {freeze, rPois rF- rN+
                  | SInv}
 16668 | Lair:4   | Found a runed translucent gate.
 16668 | Lair:4   | Found a runed translucent gate.
 16668 | Lair:4   | Found a runed translucent gate.
 16668 | Lair:4   | Found a runed translucent gate.
 16668 | Lair:4   | Found a runed translucent gate.
 16668 | Lair:4   | Found a runed translucent gate.
 16771 | Lair:4   | Reached skill level 12 in Spellcasting
 16964 | Lair:5   | Entered Level 5 of the Lair of Beasts
 17052 | Lair:5   | Offered knowledge of Eringya's Noxious Bog by Vehumet.
 17143 | Lair:5   | Identified the +2 leather armour of Unreason {Contam rElec
                  | Will+ Dex+4}
 17187 | Lair:5   | Identified the +1 hand axe "Qezeicos" {heavy, *Corrode
                  | Int+5 Dex+4}
 17492 | Lair:5   | Gained mutation: Your large and strong wings let you fly.
                  | [Gargoyle growth]
 17492 | Lair:5   | Reached XP level 14. HP: 79/88 MP: 5/30
 17750 | Lair:5   | Found a viscous altar of Jiyva.
 17750 | Lair:5   | Found a staircase to the Slime Pits.
 17818 | Lair:5   | Identified the +1 robe "Lujiu" {Harm rC+++ Str-5 Dex-3}
 18456 | Orc:1    | Entered Level 1 of the Orcish Mines
 18597 | Orc:1    | Reached skill level 13 in Spellcasting
 18738 | Orc:2    | Entered Level 2 of the Orcish Mines
 18783 | Orc:2    | Reached skill level 10 in Summonings
 18825 | Orc:2    | Offered knowledge of Conjure Ball Lightning by Vehumet.
 19009 | Orc:2    | Found a staircase to the Elven Halls.
 19492 | Orc:2    | HP: 4/88 [sun demon[an orc sorcerer] (17)]
 19492 | Orc:2    | Mangled by an ice devil

Illustrated notes

Levels and vault maps discovered:
D:1:      wander_arrival_lonely_grave, layout_basic
D:2:      layout_basic
D:3:      minmay_diamond_boxcup, layout_loops_corners, nicolae_ru_awakened_eye
D:4:      layout_gridville, kennysheep_mini, minmay_misc_feat_secret_circle
D:5:      layout_basic, nicolae_qazlal_style_of_elements,
          kennysheep_generic_room_3, uniq_menkaure, uniq_blork_the_orc
D:6:      layout_layer_cave, minmay_temple_entry_from_below_a,
          solitary_fountain, uniq_maggie, uniq_duvessa
D:7:      layout_gridville, mainiacjoe_overflow_concentric_impassable,
          uniq_pikel, uniq_prince_ribbit1
D:8:      nicolae_cairo_tiling_very_big, layout_rooms,
          makhleb_blood_cavern_becter,
          pdpol_temple_overflow_zin_treasury_gozag_greed
D:9:      layout_cave_pods, hiddenorc2_lemuel, chequers_serial_rivers_large_b,
          minmay_misc_feat_tower, kennysheep_generic_room_9, uniq_gastronok,
          uniq_grum
D:10:     layout_cross, evilmike_ruin_ashenzari
D:11:     layout_basic, erik_lair_island
D:12:     layout_small_grid, serial_shops, nicolae_take_the_stairs,
          hangedman_corner_corridor, uniq_psyche
Lair:1:   layout_cave_pods, infiniplex_staircase_pool_2, uniq_erica
Lair:2:   layout_small_grid, lemuel_fruit_tree, uniq_fannar, uniq_sonja
Lair:3:   layout_regular_city, minmay_shoals_entry_centaurs,
          nicolae_spider_entry_non_spiders, grunt_forest_small_clearing_treed
Lair:4:   gammafunk_indiana_jones, layout_cellular_growth, serial_bayou_ford_a
Lair:5:   gammafunk_lair_ancient_temple, layout_loops_ring,
          minmay_slime_entry_jelly_boxes, minmay_lair_oklob_items,
          bh_autumn_forest_stairs
Orc:1:    layout_caves, basic_altar, serial_shops, nicolae_shop_stone,
          minmay_orc_temple_b, uniq_jorgrun
Orc:2:    kennysheep_orc_mage_school, layout_diamond_mine

Skill      XL: |  1  2  3  4  5  6  7  8  9 10 11 12 13 14 |
---------------+-------------------------------------------+-----
Earth Magic    | 4 5 6 7 9 10 11 12 | 12.0
Transmutations | 1 2 3 5 |  5.3
Spellcasting   | 3 4 5 7 8 9 10 12 13 | 13.4
Conjurations   | 3 6 7 9 10 | 10.0
Fighting       | 3 6 8 10 | 10.0
Summonings     | 3 6 9 10 | 10.0
Dodging        | |  1.5
Stealth        | |  2.1

Action                   |  1- 3 |  4- 6 |  7- 9 | 10-12 | 13-15 || total
-------------------------+-------+-------+-------+-------+-------++-------
Melee: Dagger            |       |     1 |       |       |       ||     1
       Spear             |       |       |       |     3 |    25 ||    28
 Cast: Sandblast         |    37 |    55 |    69 |   217 |   161 ||   539
       Stone Arrow       |       |       |    36 |   162 |   143 ||   341
       Iron Shot         |       |       |       |     4 |     7 ||    11
       Spellforged Servi |       |       |       |       |    19 ||    19
       Lee's Rapid Decon |       |       |       |       |    14 ||    14
       Petrify           |       |       |       |       |     1 ||     1
Evoke: Wand              |       |       |     1 |    28 |     4 ||    33
       Phantom mirror    |       |       |       |     1 |       ||     1
  Use: Scroll            |       |     4 |     5 |    14 |     6 ||    29
Armor: Robe              |     3 |    13 |     3 |       |       ||    19
       Swamp dragon scal |       |       |    18 |   106 |   128 ||   252
Dodge: Dodged            |     9 |    15 |    14 |   102 |    73 ||   213
Block: Other             |       |       |       |    19 |    25 ||    44
       Reflection        |       |       |       |       |     3 ||     3

Table legend: (Time is in decaauts)
 A = Elapsed time spent in this place.
 B = Non-inter-level travel time spent in this place.
 C = Inter-level travel time spent in this place.
 D = Time resting spent in this place.
 E = Time spent auto-exploring this place.
 F = Levels seen in this place.
 G = Mean time per level.
                   A        B        C        D        E       F      G
               +--------+--------+--------+--------+--------+-----+--------+
         Total |  19832 |  19041 |    791 |    529 |  15481 |  19 | 1043.8 |
       Dungeon |  12711 |  12334 |    377 |    420 |  10000 |  12 | 1059.2 |
          Lair |   6058 |   5655 |    403 |     96 |   4722 |   5 | 1211.6 |
  Orcish Mines |   1062 |   1053 |      9 |     13 |    759 |   2 |  531.0 |
               +--------+--------+--------+--------+--------+-----+--------+

Top non-repeatable levels by time:
    D:12: 2062 daAuts
     D:9: 1367 daAuts
  Lair:5: 1362 daAuts
  Lair:2: 1346 daAuts
    D:11: 1300 daAuts
  Lair:4: 1241 daAuts
     D:6: 1208 daAuts
  Lair:1: 1113 daAuts
     D:3: 1046 daAuts
     D:5: 1014 daAuts
  Lair:3: 994 daAuts
     D:2: 931 daAuts
     D:1: 875 daAuts
     D:7: 780 daAuts
   Orc:2: 776 daAuts
